 Dungeon Crawl Stone Soup version 0.30-a0-1016-gfb0d676c02 (webtiles) character file.

Game seed: 8145708953510498791

13577 ytrimaz the Peltast (level 12, -1/83 HPs)
             Began as a Formicid Fighter on Apr 7, 2023.
             Was a Priest of Uskayaw.
             Constricted to death by Jorgrun (5 damage)
             ... on level 10 of the Dungeon.
             The game lasted 00:13:07 (10971 turns).

ytrimaz the Peltast (Formicid Fighter)             Turns: 10971, Time: 00:13:07

Health: -1/83      AC: 18    Str: 25    XL:     12   Next: 34%
Magic:  0/12       EV:  0    Int:  9    God:    Uskayaw [***...]
Gold:   689        SH: 19    Dex: 13    Spells: 11/11 levels left

rFire   . . .      SeeInvis +    h - +5 executioner's axe of Lefunix {speed, rN++}
rCold   . . .      Faith    .    e - +0 tower shield
rNeg    + + .      Spirit   +    F - +0 plate armour
rPois   .          Reflect  .    (helmet unavailable)
rElec   .          Rampage  .    (no cloak)
rCorr   +                        i - +1 pair of gloves
Will    +....                    H - +0 pair of boots Stlth
                                 J - amulet of guardian spirit
HPRegen 0.33/turn                u - ring of resist corrosion
MPRegen 0.13/turn                t - +4 ring of protection

@: petrifying, grasped by roots, constricted, very slow
A: permanent stasis, dig shafts and tunnels, antennae 3, four strong arms
a: Dig, Shaft Self, Renounce Religion, Stomp, Line Pass


You were on level 10 of the Dungeon.
You worshipped Uskayaw.
Uskayaw was noncommittal.
You visited 4 branches of the dungeon, and saw 15 of its levels.

You collected 689 gold pieces.


Innate Abilities, Weirdness & Mutations

You cannot be hasted, slowed, berserked, paralysed or teleported.
You can dig through walls and to a lower floor.
You have a pair of large antennae on your head. (SInv)
Your four strong arms can wield two-handed weapons with a shield.


   Skills:
 - Level 4.0 Fighting
 * Level 14.4 Axes
 - Level 3.2 Armour
 + Level 16.3 Shields


You had 11 spell levels left.
You didn't know any spells.
Your spell library contained the following spells:

 Spells                   Type           Power      Damage    Failure   Level
 Apportation              Tloc           0%         N/A       100%        1
 Necrotise                Necr           0%         1d4       100%        1
 Summon Small Mammal      Summ           0%         N/A       100%        1
 Ensorcelled Hibernation  Hex/Ice        0%         N/A       100%        2
 Passwall                 Tmut/Erth      0%         N/A       100%        2
 Static Discharge         Conj/Air       0%         2-2/arc   100%        2
 Inner Flame              Hex/Fire       0%         N/A       100%        3
 Spider Form              Tmut/Pois      0%         N/A       100%        3
 Stone Arrow              Conj/Erth      0%         3d7       100%        3
 Vampiric Draining        Necr           0%         2d6       100%        3
 Airstrike                Air            0%         2d(0-16)  100%        4
 Anguish                  Hex/Necr       0%         N/A       100%        4
 Animate Armour           Summ/Erth      0%         N/A       100%        4
 Flame Wave               Conj/Fire      0%         2d4       100%        4
 Sticky Flame             Conj/Fire      0%         2d3       100%        4
 Summon Lightning Spire   Summ/Air       0%         N/A       100%        4
 Agony                    Necr           0%         N/A       100%        5
 Blade Hands              Tmut           0%         N/A       100%        5
 Iron Shot                Conj/Erth      0%         9d1       100%        6
 Simulacrum               Ice/Necr       0%         N/A       100%        6
 Ozocubu's Refrigeration  Ice            0%         4d7       100%        7
 Lehudib's Crystal Spear  Conj/Erth      0%         10d2      100%        8
 Polar Vortex             Ice            0%         N/A       100%        9
 Swiftness                Air            Unusable   N/A       N/A         3

Inventory:

Hand Weapons
 a - a +1 war axe of protection
 h - the +5 executioner's axe of Lefunix (weapon) {speed, rN++}
   (You acquired it on level 2 of the Dungeon)

   rN:        It greatly protects you from negative energy.
Missiles
 q - a throwing net
Armour
 c - a +0 buckler
 e - a +0 tower shield (worn)
   (You found it on level 2 of the Dungeon)
 i - a +1 pair of gloves (worn)
   (You found it on level 1 of the Dungeon)
 F - a +0 plate armour (worn)
   (You found it on level 9 of the Dungeon)
 H - a +0 pair of boots (worn)
   (You found it on level 9 of the Dungeon)
Jewellery
 b - a ring of protection from fire
   (You found it on level 10 of the Dungeon)
 k - a ring of wizardry
   (You found it on level 3 of the Dungeon)
 s - a ring of willpower
   (You found it on level 6 of the Dungeon)
 t - a +4 ring of protection (right hand)
   (You found it on level 6 of the Dungeon)
 u - a ring of resist corrosion (left hand)
   (You found it on level 6 of the Dungeon)
 x - a ring of wizardry
   (You found it on level 7 of the Dungeon)
 y - a ring of magical power
   (You found it on level 8 of the Dungeon)
 z - a ring of positive energy
   (You found it on level 11 of the Dungeon)
 G - a ring of protection from cold
   (You found it on level 10 of the Dungeon)
 J - an amulet of guardian spirit (around neck)
   (You found it on level 1 of the Lair of Beasts)
Wands
 j - a wand of digging (13)
   (You found it on level 5 of the Dungeon)
 B - a wand of roots (7)
   (You found it on level 9 of the Dungeon)
 D - a wand of flame (22)
   (You found it on level 8 of the Dungeon)
 E - a wand of acid (5)
   (You found it on level 9 of the Dungeon)
Scrolls
 o - a scroll of enchant weapon
 A - a scroll of acquirement
 C - 2 scrolls of enchant armour
 I - a scroll of amnesia
 K - a scroll of fear
Potions
 d - 2 potions of might
 f - 4 potions of curing
 g - 3 potions of attraction
 l - 3 potions of heal wounds
 m - 2 potions of mutation
 n - a potion of flight {unknown}
 p - a potion of haste {unknown}
 r - 2 potions of cancellation {unknown}
 v - a potion of brilliance {unknown}
 w - 3 potions of ambrosia {unknown}

Dungeon Overview and Level Annotations

Branches:
Dungeon (12/15) Zot: 26803  Temple (1/1) D:5 Zot: 5904    Lair (1/5) D:9 Zot: 4647
    Orc (1/2) D:10 Zot: 5997

Altars:
Ashenzari
Cheibriados
Dithmenos
Elyvilon
Fedhas
Gozag
Hepliaklqana
Kikubaaqudgha
Makhleb
Nemelex Xobeh
Okawaru
Qazlal
Ru
Sif Muna
Trog
Uskayaw
Vehumet
Wu Jian
Xom
Yredelemnul
Zin
The Shining One

Shops:
D:4 *

Annotations:
D:10 Jorgrun

#............#.....#
#............#.....#
#............#.._..#
#............#.....#
.............#.....#
.............###[###
..#####..#####8[..8# ..#
#..#####.....############## ..#
#.........@...............# ..#
#..##.....g...............#
..#####..##.###.[.#).............
..#...............#..............
..#...#......##...#...........#..
..#..###...#......#.###..#...###.
......###.##......#.###..##.###..
###....#####.##.....##...#####...
........# #........##...# #....


You could see Jorgrun.


Message History

Search for what [Enter for "pois", or ? for help]? orc
There is a staircase back to the Dungeon here.
You climb upwards.
Welcome back to the Dungeon!
There is a staircase to the Lair here.
There is a stone staircase leading down here.
You climb downwards.
There is a stone staircase leading up here.
There is a stone staircase leading up here.
There is a staircase to the Orcish Mines here.
You climb downwards.
Welcome to the Orcish Mines!
Jorgrun shouts!
The orc warrior shouts!
The orc shouts!
The troll shouts!
You hear a shout! x2
Found 27 gold pieces.
Found an escape hatch in the floor.
There is a staircase back to the Dungeon here.
There are monsters nearby!
Jorgrun hits you with a staff of earth!
You climb upwards.
Welcome back to the Dungeon!
There is a staircase to the Orcish Mines here. 😕 HP[-8] MP[-1]
You take 8 damage, and now have 75/83 hp.
You lost 1 mp, and now have 11/12 mp.
Unknown command.
You slash Jorgrun! 😕 HP[+1]
You barely miss Jorgrun. You block Jorgrun's attack.
You slash Jorgrun! Jorgrun hits you but does no damage.
You closely miss Jorgrun.
You block Jorgrun's attack. 😕 HP[+1] Unknown command.
You slash Jorgrun!
Jorgrun hits you with a staff of earth. 😕 HP[-2]
You take 2 damage, and now have 75/83 hp.
Unknown command.
You closely miss Jorgrun. Jorgrun gestures at you while chanting.
You resist with significant effort. 😕 MP[+1]
Your mp is fully restored (12).
You closely miss Jorgrun. Jorgrun casts a spell at you.
The iron shot hits you!!
Unknown command. 😮 HP[-17] MP[-2]
You take 17 damage, and now have 58/83 hp.
MASSIVE DAMAGE!! (PAUSE)
You lost 2 mp, and now have 10/12 mp.
You slash Jorgrun! You block Jorgrun's attack.
You can now pass through a line of other dancers.
You closely miss Jorgrun. You block Jorgrun's attack.
You slice Jorgrun!! You block Jorgrun's attack.
Unknown command.
You miss Jorgrun. Jorgrun gestures at you while chanting.
Roots burst forth from the earth!
The grasping roots grab you!
The grasping roots constrict you! 😮 HP[-5] MP[-1]
You take 5 damage, and now have 53/83 hp.
You lost 1 mp, and now have 9/12 mp.
You closely miss Jorgrun. You block Jorgrun's attack.
The grasping roots constrict you!!
* * * LOW HITPOINT WARNING * * *
😨 HP[-17] MP[-2]
You take 17 damage, and now have 36/83 hp.
MASSIVE DAMAGE!! (PAUSE)
You lost 2 mp, and now have 7/12 mp.
You closely miss Jorgrun. Jorgrun hits you with a staff of earth!
* * * LOW HITPOINT WARNING * * *
The grasping roots constrict you.
* * * LOW HITPOINT WARNING * * *
😨 HP[-14] MP[-3]
You take 14 damage, and now have 22/83 hp.
You lost 3 mp, and now have 4/12 mp.
Unknown command.
You hit Jorgrun but do no damage. You block Jorgrun's attack.
The grasping roots constrict you. 😨 HP[+1] MP[-1]
You lost 1 mp, and now have 3/12 mp.
You slash Jorgrun!
Unknown command.
You slice Jorgrun!!
Jorgrun points at you and mumbles some strange words.
The iron shot hits you!!
* * * LOW HITPOINT WARNING * * *
The grasping roots constrict you.
* * * LOW HITPOINT WARNING * * *
Uskayaw will force your foes to helplessly watch your dance.
Uskayaw prepares the audience for your solo! 😱 HP[-20] MP[-3]
You take 20 damage, and now have 3/83 hp.
MASSIVE DAMAGE!! (PAUSE)
You lost 3 mp, and now have 0/12 mp.
Okay, then.
Unknown command.
The helpless Jorgrun fails to defend himself.
You hit Jorgrun.
Jorgrun is no longer paralysed.
Jorgrun gestures at you while chanting.
You are slowing down.
The grasping roots constrict you!
You die...

Skill      XL: |  1  2  3  4  5  6  7  8  9 10 11 12 |
---------------+-------------------------------------+-----
Fighting       | 4 |  4.0
Axes           | 3 4 5 6 9 11 13 14 | 14.4
Shields        | 5 6 7 9 11 13 14 15 16 | 16.3
Armour         | |  3.2

Action                     |  1- 3 |  4- 6 |  7- 9 | 10-12 || total
---------------------------+-------+-------+-------+-------++-------
  Melee: War axe           |    85 |   102 |       |       ||   187
         Executioner's axe |       |    53 |   176 |   262 ||   491
 Invoke: Stomp             |       |       |       |     1 ||     1
Ability: Shaft Self        |       |     1 |       |       ||     1
    Use: Scroll            |     3 |     2 |     9 |     3 ||    17
         Potion            |       |       |       |     5 ||     5
   Stab: Paralysed         |       |       |    12 |    15 ||    27
 Armour: Scale mail        |    37 |    57 |    72 |    44 ||   210
         Plate armour      |       |       |       |    42 ||    42
  Dodge: Dodged            |    29 |    36 |    36 |    33 ||   134
  Block: Buckler           |    23 |       |       |       ||    23
         Tower shield      |    25 |   161 |   170 |   231 ||   587

Levels and vault maps discovered:
D:1:      ncdulo_smallfort, layout_loops_corners
D:2:      layout_rooms, chequers_ecumenical_altar_island, dk_noncrumbling_4,
          hangedman_decor_clover_reticule, minmay_quantized, uniq_jessica,
          uniq_terence
D:3:      layout_basic, lemuel_tele_altar, grunt_temple_overflow_open,
          minmay_distorted
D:4:      layout_layer_cave, riverfiend_overflow_shadow_ancestor,
          mainiacjoe_overflow_cross_hatched, serial_shops, nicolae_shop_trees,
          chequers_serial_rivers_micro_d
D:5:      nicolae_BIG_FREAKIN_CUBE, layout_basic,
          mainiacjoe_overflow_concentric_impassable,
          minmay_temple_entry_offerings
D:6:      layout_loops_ring, nicolae_overflow_crystal_walls, kennysheep_dice
D:7:      layout_cave_pools, kiku_gazebo_garden_becter, serial_column_ruins,
          column_ruins_hut_pillars, column_ruins_hut, column_ruins_open_small,
          column_ruins_open_tiny, column_ruins_grid_1,
          column_ruins_columns_water, column_ruins_open_small
D:8:      layout_cave_pools, nicolae_wu_jian_wuxing_cycle, minmay_fountain_box
D:9:      layout_rooms, dpeg_lair_monsters
D:10:     layout_basic, minmay_orc_entry_temple_small,
          nicolae_straight_to_the_point
D:11:     minmay_stone_box, layout_basic
D:12:     layout_cross, serial_bayou, serial_bayou_pond_a, serial_bayou_pond_b,
          serial_bayou_pond_c, serial_bayou_pond_a, serial_shops,
          nicolae_shop_bloodbath_and_beyond
Temple:   nicolae_temple_ecumenical_triangle
Lair:1:   layout_cave_pods, grunt_megastairs_1
Orc:1:    layout_diamond_mine, uniq_jorgrun

Notes
Turn   | Place    | Note
-------+----------+-------------------------------------------
     0 | D:1      | ytrimaz the Formicid Fighter began the quest for the Orb.
     0 | D:1      | Reached XP level 1. HP: 18/18 MP: 1/1
     0 | D:1      | magus.rc [v1.9.6]
   180 | D:1      | Reached XP level 2. HP: 24/24 MP: 2/2
   446 | D:1      | You pick up a book of Necromancy and begin reading...
   446 | D:1      | You add the spells Necrotise, Vampiric Draining and Agony
                  | to your library.
   531 | D:1      | Reached XP level 3. HP: 30/30 MP: 3/3
   633 | D:1      | Reached skill level 4 in Fighting
   983 | D:2      | Reached skill level 3 in Axes
  1079 | D:2      | Reached XP level 4. HP: 37/37 MP: 4/4
  1203 | D:2      | Found a faded altar of an unknown god.
  1256 | D:2      | You pick up a book of Armaments and begin reading...
  1256 | D:2      | You add the spells Stone Arrow, Animate Armour and
                  | Lehudib's Crystal Spear to your library.
  1623 | D:2      | Reached skill level 5 in Shields
  1631 | D:2      | Reached XP level 5. HP: 17/42 MP: 5/5
  1757 | D:2      | Noticed Jessica
  1759 | D:2      | Noticed Terence
  1764 | D:2      | Killed Jessica
  1773 | D:2      | You fall into a shaft and drop 2 floors!
  1903 | D:4      | Found a glowing golden altar of the Shining One.
  1928 | D:4      | Noticed a black bear
  1943 | D:4      | Killed a black bear
  1944 | D:4      | Reached skill level 4 in Axes
  1944 | D:4      | Reached skill level 6 in Shields
  1944 | D:4      | Reached XP level 6. HP: 46/48 MP: 6/6
  1973 | D:3      | You pick up a book of Flames and begin reading...
  1973 | D:3      | You add the spells Inner Flame, Sticky Flame and Flame Wave
                  | to your library.
  2174 | D:2      | Killed Terence
  2216 | D:2      | Identified a scroll of acquirement
  2216 | D:2      | Acquired the +5 executioner's axe of Lefunix {speed, rN++}
  2391 | D:3      | You pick up a book of Ice and begin reading...
  2391 | D:3      | You add the spells Simulacrum, Ozocubu's Refrigeration and
                  | Polar Vortex to your library.
  2440 | D:3      | Found a stormy altar of Qazlal.
  2444 | D:3      | Found an opulent altar of Gozag.
  2449 | D:3      | Found a burning altar of Makhleb.
  2449 | D:3      | Found a bloodstained altar of Trog.
  2664 | D:3      | Reached skill level 7 in Shields
  2875 | D:3      | Found a shimmering blue altar of Sif Muna.
  3130 | D:4      | Found a shadowy altar of Dithmenos.
  3130 | D:4      | Noticed a shadow
  3134 | D:4      | Found a hazy altar of Hepliaklqana.
  3189 | D:4      | Found Wydwaepp's Assorted Antiques.
  3214 | D:4      | Reached XP level 7. HP: 54/54 MP: 7/7
  3832 | D:5      | Entered Level 5 of the Dungeon
  3836 | D:5      | Reached skill level 8 in Shields
  3919 | D:5      | Found a staircase to the Ecumenical Temple.
  3933 | D:5      | You pick up a book of Dreams and begin reading...
  3933 | D:5      | You add the spells Ensorcelled Hibernation, Spider Form and
                  | Anguish to your library.
  3975 | D:5      | Reached skill level 5 in Axes
  3995 | Temple   | Entered the Ecumenical Temple
  4081 | Temple   | Became a worshipper of Uskayaw the Reveller
  4163 | D:5      | Reached * piety under Uskayaw
  4164 | D:5      | Reached ** piety under Uskayaw
  4166 | D:5      | Reached skill level 9 in Shields
  4211 | D:5      | Reached XP level 8. HP: 60/60 MP: 8/8
  4233 | D:5      | Reached *** piety under Uskayaw
  4353 | D:5      | Reached skill level 10 in Shields
  4353 | D:5      | Found a broken altar of Ashenzari.
  4558 | D:5      | Reached skill level 6 in Axes
  4917 | D:6      | Found a sacrificial altar of Ru.
  5053 | D:6      | Reached skill level 11 in Shields
  5261 | D:6      | You pick up a book of Burglary and begin reading...
  5292 | D:6      | Reached XP level 9. HP: 65/65 MP: 9/9
  5636 | D:7      | Reached skill level 7 in Axes
  5638 | D:7      | Reached skill level 12 in Shields
  5905 | D:7      | Reached **** piety under Uskayaw
  5920 | D:7      | HP: 16/65 [kobold brigand/+4 short sword (1)]
  5922 | D:7      | Reached skill level 8 in Axes
  6120 | D:7      | You pick up a book of Storms and begin reading...
  6120 | D:7      | You add the spells Static Discharge, Airstrike and Summon
                  | Lightning Spire to your library.
  6162 | D:7      | Found an ancient bone altar of Kikubaaqudgha.
  6526 | D:8      | You fall into a shaft and drop 3 floors!
  6635 | D:11     | Noticed a cyclops
  6649 | D:11     | Killed a cyclops
  6650 | D:11     | Reached skill level 9 in Axes
  6650 | D:11     | Reached skill level 13 in Shields
  6650 | D:11     | Reached XP level 10. HP: 71/71 MP: 10/10
  6696 | D:11     | Noticed a two-headed ogre
  6709 | D:11     | Killed a two-headed ogre
  6710 | D:11     | Reached skill level 10 in Axes
  6998 | D:11     | Noticed a komodo dragon
  7013 | D:11     | Killed a komodo dragon
  7055 | D:10     | Entered Level 10 of the Dungeon
  7107 | D:10     | Reached skill level 14 in Shields
  7192 | D:9      | Reached skill level 11 in Axes
  7261 | D:9      | Noticed a death yak
  7266 | D:9      | Noticed a death yak
  7268 | D:9      | Noticed a death yak
  7269 | D:9      | Noticed a death yak
  7275 | D:9      | Reached ***** piety under Uskayaw
  7282 | D:9      | Killed a death yak
  7282 | D:9      | Reached ****** piety under Uskayaw
  7283 | D:9      | Reached XP level 11. HP: 55/77 MP: 11/11
  7290 | D:9      | Killed a death yak
  7296 | D:9      | Killed a death yak
  7297 | D:9      | Reached skill level 12 in Axes
  7303 | D:9      | Killed a death yak
  7304 | D:9      | Reached skill level 15 in Shields
  7310 | D:9      | HP: 19/76 [poisoned by a hornet]
  7312 | D:9      | HP: 7/76 [yak (11)]
  7357 | D:9      | Noticed a two-headed ogre
  7523 | D:8      | Reached skill level 13 in Axes
  7598 | D:8      | Identified the +4 mace of Iseibbad {chaos, Contam rElec
                  | Str+4}
  7624 | D:8      | You pick up a book of Cantrips and begin reading...
  7624 | D:8      | You add the spells Summon Small Mammal and Apportation to
                  | your library.
  7704 | D:8      | Found an ornate altar of the Wu Jian Council.
  7962 | D:9      | Killed a two-headed ogre
  8027 | D:9      | Found a staircase to the Lair.
  8497 | D:10     | You pick up a book of Iron and begin reading...
  8497 | D:10     | You add the spells Blade Hands and Iron Shot to your
                  | library.
  8499 | D:10     | Found a staircase to the Orcish Mines.
  8923 | D:10     | Identified the +8 rapier "Sixeoz" {antimagic, rElec rN+++
                  | Str+3 Int-4}
  9155 | D:11     | Noticed a manticore
  9169 | D:11     | Killed a manticore
  9275 | D:11     | Noticed a cyclops
  9280 | D:11     | Killed a cyclops
  9281 | D:11     | Reached XP level 12. HP: 62/83 MP: 12/12
  9416 | D:12     | Noticed a skeletal warrior
  9416 | D:12     | Noticed a skeletal warrior
  9416 | D:12     | Noticed a skeletal warrior
  9417 | D:12     | Noticed a skeletal warrior
  9546 | Lair:1   | Entered Level 1 of the Lair of Beasts
  9743 | Lair:1   | Identified the +1 ring mail of Trumpets {rElec Stlth+}
  9748 | Lair:1   | Reached skill level 16 in Shields
  9909 | Lair:1   | Reached skill level 14 in Axes
 10951 | Orc:1    | Entered Level 1 of the Orcish Mines
 10951 | Orc:1    | Noticed Jorgrun
 10970 | D:10     | HP: 7/83 [Jorgrun/iron shot (16)]
 10970 | D:10     | HP: 3/83 [constriction (4)]
 10971 | D:10     | Constricted to death by Jorgrun

Vanquished Creatures
  4 death yaks (D:9)
  2 two-headed ogres
  A manticore (D:11)
  2 cyclopes (D:11)
  2 black mambas (Lair:1)
  2 cane toads (Lair:1)
  2 komodo dragons
  4 trolls
  A hornet (D:9)
  A shadow (D:11)
  3 wyverns
  A wraith (D:9)
  6 yaks
  A vampire (D:10)
  A steam dragon (D:8)
  8 water moccasins
  An ice beast (D:8)
  An orc warrior (D:10)
  3 sky beasts
  3 black bears
  2 ogres (D:5)
  A centaur (D:10)
  2 kobold brigands
  7 bullfrogs
  3 scorpions
  12 wights
  2 howler monkeys (D:9)
  5 jellies
  6 orc priests
  2 hounds (D:4)
  2 gnoll boudas (D:5)
  Jessica (D:2)
  3 iguanas
  2 sleepcaps
  Terence (D:2)
  6 orc wizards
  18 gnolls
  5 adders
  2 white imps (D:7)
  An ufetubus (D:7)
  4 dart slugs
  3 worms (D:2)
  33 orcs
  8 ball pythons
  7 endoplasms
  4 giant cockroaches
  5 goblins
  8 hobgoblins
  6 quokkas
  3 bats
  7 frilled lizards
  20 kobolds
  4 rats
244 creatures vanquished.

Vanquished Creatures (others)
  A fungus (Lair:1)
  2 withered plants (D:7)
3 creatures vanquished.

Grand Total: 247 creatures vanquished

Table legend:
 A = Non-vault XP
 B = Vault XP
 C = Vault XP percentage of total XP
 D = Non-vault monster count
 E = Vault monster count
 F = Vault count percentage of total count
                 A         B        C        D         E       F
            +---------+---------+-------+---------+---------+-------
      Total |   14156 |    5240 |  27.0 |     213 |      31 |  12.7
            +---------+---------+-------+---------+---------+-------
        D:1 |      47 |       0 |   0.0 |      26 |       0 |   0.0
        D:2 |      90 |      99 |  52.4 |      17 |       8 |  32.0
        D:3 |      85 |       4 |   4.5 |      24 |       3 |  11.1
        D:4 |     267 |       0 |   0.0 |      14 |       0 |   0.0
        D:5 |    1024 |       0 |   0.0 |      24 |       0 |   0.0
        D:6 |     364 |       0 |   0.0 |       7 |       0 |   0.0
        D:7 |    1477 |       3 |   0.2 |      32 |       1 |   3.0
        D:8 |    1076 |       0 |   0.0 |      22 |       0 |   0.0
        D:9 |    2169 |    3876 |  64.1 |      18 |       7 |  28.0
       D:10 |     943 |     229 |  19.5 |       8 |       8 |  50.0
       D:11 |    3835 |       0 |   0.0 |       9 |       0 |   0.0
     Lair:1 |    2779 |    1029 |  27.0 |      12 |       4 |  25.0
            +---------+---------+-------+---------+---------+-------

Illustrated notes

Table legend:
 A = Kills in this place as a percentage of kills in the entire game.
 B = Kills by you in this place as a percentage of kills by you in the entire game.
 C = Kills by friends in this place as a percentage of kills by friends in the entire game.
 D = Other kills in this place as a percentage of other kills in the entire game.
 E = Experience gained in this place as a percentage of experience gained in the entire game.
 F = Experience gained in this place divided by the number of levels of this place that you have seen.
                   A       B       C       D       E      F
               +-------+-------+-------+-------+-------+----------------------
         Total | 100.0 | 100.0 |   N/A |   N/A | 100.0 | 1293.1
       Dungeon |  93.4 |  93.4 |   N/A |   N/A |  80.4 | 1299.0
          Lair |   6.6 |   6.6 |   N/A |   N/A |  19.6 | 3808.0
               +-------+-------+-------+-------+-------+----------------------

Table legend: (Time is in decaauts)
 A = Elapsed time spent in this place.
 B = Non-inter-level travel time spent in this place.
 C = Inter-level travel time spent in this place.
 D = Time resting spent in this place.
 E = Time spent auto-exploring this place.
 F = Levels seen in this place.
 G = Mean time per level.
                   A        B        C        D        E       F      G
               +--------+--------+--------+--------+--------+-----+--------+
         Total |  11138 |  10467 |    671 |    158 |   8356 |  15 |  742.5 |
       Dungeon |   9686 |   9095 |    591 |    158 |   7137 |  12 |  807.2 |
        Temple |     95 |     78 |     17 |      0 |     71 |   1 |   95.0 |
          Lair |   1353 |   1291 |     62 |      0 |   1148 |   1 | 1353.0 |
  Orcish Mines |      2 |      2 |      0 |      0 |      0 |   1 |    2.0 |
               +--------+--------+--------+--------+--------+-----+--------+

Top non-repeatable levels by time:
  Lair:1: 1353 daAuts
     D:7: 1053 daAuts
     D:1: 1019 daAuts
     D:3: 1007 daAuts
     D:2: 991 daAuts
    D:11: 949 daAuts
     D:4: 937 daAuts
     D:5: 851 daAuts
    D:10: 789 daAuts
     D:9: 712 daAuts
     D:8: 690 daAuts
     D:6: 682 daAuts
  Temple: 95 daAuts
   Orc:1: 2 daAuts
    D:12: 1 daAuts
